 Dungeon Crawl Stone Soup version 0.26-a0-490-gf8362a0c98 (webtiles) character file.

Game seed: 9015034295878099339

215 ANON1729 the Skirmisher (level 5, -20/40 HPs)
             Began as a Palentonga Delver on Aug 4, 2020.
             Was an Initiate of Hepliaklqana.
             Demolished by an ogre
             ... wielding a +0 giant club
              (22 damage)
             ... on level 4 of the Dungeon.
             The game lasted 00:05:08 (1281 turns).

ANON1729 the Skirmisher (Palentonga Delver)         Turns: 1281, Time: 00:05:08

Health: -20/40     AC:  4    Str: 16    XL:     5   Next: 60%
Magic:  5/5        EV: 10    Int: 10    God:    Hepliaklqana [......]
Gold:   40         SH:  0    Dex: 12    Spells: 4/4 levels left

rFire    . . .     SeeInvis +   a - +0 falchion
rCold    . . .     Faith    .   (no shield)
rNeg     . . .     Spirit   .   b - +0 leather armour
rPois    .         Reflect  .   (no helmet)
rElec    .         Harm     .   (no cloak)
rCorr    .                      (no gloves)
MR       .....                  (boots restricted)
Stlth    ++........             (no amulet)
HPRegen  0.13/turn              (no ring)
MPRegen  0.09/turn              (no ring)

@: no status effects
A: large, reduced essence, rugged brown scales 3, see invisible, deformed body,
roll, armoured tail
a: Rolling Charge, Recall Ancestor, Ancestor Identity, Renounce Religion


You were on level 4 of the Dungeon.
You worshipped Hepliaklqana.
Hepliaklqana was noncommittal.
You visited 2 branches of the dungeon, and saw 3 of its levels.

You collected 40 gold pieces.

Inventory:

Hand Weapons
 a - a +0 falchion (weapon)
Missiles
 h - 2 boomerangs (quivered)
Armour
 b - a +0 leather armour (worn)
Wands
 f - a wand of clouds (1)
 g - a wand of digging (3)
Scrolls
 c - a scroll of fog
 d - a scroll of magic mapping
 e - a scroll of fear
Potions
 i - a potion of brilliance {unknown}


   Skills:
 + Level 4.1 Fighting
 + Level 3.4 Long Blades
 + Level 2.7 Dodging
 + Level 4.0 Stealth


You had 4 spell levels left.
You didn't know any spells.
Your spell library was empty.

Dungeon Overview and Level Annotations

Branches:
Dungeon (5/15)             Temple (1/1) D:4

Altars:
Cheibriados
Elyvilon
Gozag
Hepliaklqana
Makhleb
Okawaru
Qazlal
Xom
Yredelemnul
Zin

Annotations:
D:4 exclusion: worker ant


Innate Abilities, Weirdness & Mutations

You are completely covered in rugged brown scales. (AC +3, +7% HP)
You have supernaturally acute eyesight. (SInv)
Armour fits poorly on your strangely shaped body.
You can roll at foes to attack.
You have a long armoured tail.
Your life essence is reduced to manifest your ancestor. (-10% HP)


Message History

The Doctor hits the ogre but does no damage.
You hit the ogre.
The ogre is heavily wounded.
The Doctor hits the ogre.
The ogre hits you with a +0 giant club!!
You barely miss the ogre.
Your tail-slap misses the ogre.
The ogre is severely wounded.
The Doctor hits the ogre.
The ogre hits you with a +0 giant club!!
* * * LOW HITPOINT WARNING * * *
The Doctor hits the ogre.
Throwing (i - inventory)
h - 2 boomerangs (quivered)
Press: ? - help, Shift-Dir - straight line, f/p - ogre
Aim: an ogre, wielding a +0 giant club (almost dead)
You throw a boomerang.
The boomerang hits the ogre but does no damage.
The ogre is almost dead.
The ogre hits you with a +0 giant club!!
Ouch! That really hurt!
You die...

........)...)>...
####...#.R......
##### #...#O)⌠)..⌠.
.^_^. #.....))....w
##.Z^###...#.)......
....^ #O#.##.##.##.
..^ #.#..........
#+# ##.###########
#@###..# #.OR..##
#######


You could see the friendly The Doctor the ancestor and an ogre.

Vanquished Creatures
  A scorpion (D:4)
  An orc wizard (D:4)
  A centaur skeleton (D:4)
  An iguana (D:4)
  A worker ant (D:4)
  A worker ant zombie (D:5)
  A leopard gecko (D:4)
  5 orcs (D:4)
  A ball python (D:4)
  2 giant cockroaches
15 creatures vanquished.

Vanquished Creatures (collateral kills)
  An orc priest (D:4)
  An orc (D:4)
2 creatures vanquished.

Vanquished Creatures (others)
  2 ancestors (D:4)
2 creatures vanquished.

Grand Total: 19 creatures vanquished

Notes
Turn   | Place    | Note
-------+----------+-------------------------------------------
     0 | D:5      | ANON1729 the Palentonga Delver began the quest for the Orb.
     0 | D:5      | Reached XP level 1. HP: 19/19 MP: 1/1
    31 | D:5      | Noticed a jelly
   104 | D:5      | Reached XP level 2. HP: 25/25 MP: 2/2
   212 | D:5      | Noticed a gnoll sergeant
   220 | D:5      | Noticed an ogre
   224 | D:4      | Noticed an ogre
   330 | D:4      | Reached XP level 3. HP: 24/31 MP: 3/3
   405 | D:4      | Noticed a scorpion
   407 | D:4      | Found a staircase to the Ecumenical Temple.
   448 | Temple   | Entered the Ecumenical Temple
   560 | Temple   | Became a worshipper of Hepliaklqana the Forgotten
   786 | D:4      | Reached XP level 4. HP: 13/33 MP: 4/4
   787 | D:4      | Reached XP level 5. HP: 16/40 MP: 5/5
  1275 | D:4      | Found a basalt altar of Yredelemnul.
  1279 | D:4      | HP: 2/40 [ogre/+0 giant club (19)]
  1281 | D:4      | Demolished by an ogre

Illustrated notes

Levels and vault maps discovered:
D:4:      layout_rooms, yredelemnul_forgotten_temple_becter,
          minmay_temple_entry_large_hall
D:5:      layout_gridville, gammafunk_ghost_gnarly_gnolls, serial_shops, shop,
          shop, kennysheep_little_box, uniq_menkaure
Temple:   nicolae_temple_figure_zero

Skill      XL: |  1  2  3  4  5 |
---------------+----------------+-----
Dodging        | 2 |  2.7
Long Blades    | 3 |  3.4
Fighting       | 4 |  4.1
Stealth        | 4 |  4.0

Action                   |  1- 3 |  4- 6 || total
-------------------------+-------+-------++-------
Melee: Falchion          |    20 |    20 ||    40
       Tailslap          |     3 |     2 ||     5
Throw: Boomerang         |     4 |     1 ||     5
Invok: Ancestor Identity |     1 |       ||     1
 Abil: Rolling Charge    |     1 |     3 ||     4
Evoke: Wand              |     1 |       ||     1
  Use: Potion            |     1 |       ||     1
 Stab: Sleeping          |     1 |       ||     1
Armor: Leather armour    |    10 |     4 ||    14
Dodge: Dodged            |    16 |    14 ||    30
       Rpst.: Falchion   |     6 |     5 ||    11

Table legend: (Time is in decaauts)
 A = Elapsed time spent in this place.
 B = Non-inter-level travel time spent in this place.
 C = Inter-level travel time spent in this place.
 D = Time resting spent in this place.
 E = Time spent auto-exploring this place.
 F = Levels seen in this place.
 G = Mean time per level.
                   A        B        C        D        E       F      G
               +--------+--------+--------+--------+--------+-----+--------+
         Total |   1272 |   1262 |     10 |    722 |    229 |   3 |  424.0 |
       Dungeon |    957 |    957 |      0 |    521 |    131 |   2 |  478.5 |
        Temple |    315 |    305 |     10 |    201 |     98 |   1 |  315.0 |
               +--------+--------+--------+--------+--------+-----+--------+

Top non-repeatable levels by time:
     D:4: 653 daAuts
  Temple: 315 daAuts
     D:5: 303 daAuts
